 Dungeon Crawl Stone Soup version 0.29-a0-422-gafbd6decc1 (webtiles) character file.

Game seed: 12551768332867473097

391 bladeefan the Skirmisher (level 6, -5/76 HPs)
             Began as a Demonspawn Chaos Knight on May 18, 2022.
             Was a Plaything of Xom.
             Slain by a wyvern (12 damage)
             ... on level 4 of the Dungeon.
             The game lasted 00:06:40 (3763 turns).

bladeefan the Skirmisher (Demonspawn Chaos Knight)  Turns: 3763, Time: 00:06:41

Health: -5/76      AC:  7    Str: 16      XL:     6   Next: 50%
Magic:  6/6        EV: 10    Int: 12 (13) God:    Xom [*.....]
Gold:   184        SH:  0    Dex: 17      Spells: 5/5 levels left

rFire   . . .      SeeInvis .   n - +0 war axe
rCold   + . .      Faith    .   (no shield)
rNeg    . . .      Spirit   .   i - +0 scale mail
rPois   .          Reflect  .   (no helmet)
rElec   .          Harm     .   (no cloak)
rCorr   .          Rampage  .   (no gloves)
Will    .....      Rage     3%  (no boots)
Stlth   ..........              f - amulet of the acrobat
HPRegen 0.22/turn               g - +6 ring of dexterity
MPRegen 0.10/turn               (no ring)

@: berserking, very quick
A: claws 1, foul stench 1, sharp scales 1, berserk 2, clumsy 1, cold resistance
1, deterioration 1, strong 1
a: Renounce Religion


You were on level 4 of the Dungeon.
You worshipped Xom.
You were a special plaything of Xom.
You visited 1 branch of the dungeon, and saw 4 of its levels.

You collected 184 gold pieces.

Inventory:

Hand Weapons
 n - a +0 war axe (weapon)
   (You found it on level 3 of the Dungeon)
Armour
 i - a +0 scale mail (worn)
   (You found it on level 1 of the Dungeon)
Jewellery
 f - an amulet of the acrobat (around neck)
   (You found it on level 2 of the Dungeon)
 g - a +6 ring of dexterity (left claw)
   (You found it on level 1 of the Dungeon)
Wands
 d - a wand of iceblast (4)
   (You found it on level 3 of the Dungeon)
Scrolls
 a - a scroll of enchant armour
 j - 2 scrolls of fear
 l - 2 scrolls of teleportation {@r4}
 s - a scroll of fog {unknown}
Potions
 b - a potion of curing {@q1}
 e - 2 potions of haste {@q3}
 h - a potion of mutation {!q}
 m - a potion of heal wounds {unknown}
 o - a potion of lignification {!q}
 p - a potion of flight {unknown}
 q - a potion of attraction {unknown}
 r - a potion of brilliance
 t - a potion of degeneration {unknown}
Miscellaneous
 c - a piece from Xom's chessboard (15/15) (quivered)


   Skills:
 * Level 5.2 Fighting
 + Level 3.8 Axes
 + Level 3.1 Armour
 + Level 2.7 Dodging


You had 5 spell levels left.
You didn't know any spells.
Your spell library contained the following spells:

 Spells                   Type           Power      Damage    Failure   Level
 Scorch                   Fire           0%         2d5       87%         2
 Static Discharge         Conj/Air       0%         N/A       87%         2
 Dispel Undead            Necr           0%         3d6       100%        4
 Flame Wave               Conj/Fire      0%         2d4       100%        4
 Sticky Flame             Conj/Fire      0%         2d3       100%        4
 Summon Forest            Summ/Tloc      0%         N/A       100%        5
 Summon Mana Viper        Hex/Summ       0%         N/A       100%        5
 Summon Cactus Giant      Summ           0%         N/A       100%        6


Dungeon Overview and Level Annotations

Branches:
Dungeon (4/15)
 Temple: D:4-7

Altars:
Wu Jian


Innate Abilities, Weirdness & Mutations

You have sharp fingernails.
You may rarely emit foul miasma when damaged in melee.
You are partially covered in razor-sharp scales. (AC +1, Slay +1)
You often lose your temper in combat.
You are clumsy. (Dex -2)
Your flesh is cold resistant. (rC+)
Your body sometimes deteriorates upon taking damage.
Your muscles are strong. (Str +2)


Message History

Key pressed, stopping explore.
Found a stone staircase leading down.
You see here a +0 dagger.
Key pressed, stopping explore.
Key pressed, stopping explore.
Key pressed, stopping explore.
There is a stone staircase leading down here.
Key pressed, stopping explore.
Found a stone staircase leading up.
Xom adds some personal touches to your environment.
A door bursts open!
(D) Dungeon
Where to? (Enter - D:3, ? - help)
There is an open door here.
There is a stone staircase leading down here.
You climb downwards.
There is a stone staircase leading up here.
Found a leather armour.
A wyvern and an endoplasm come into view.
The wyvern hisses angrily.
There are monsters nearby!
There are monsters nearby!
There are monsters nearby!
You hit the wyvern.
The wyvern bites you but does no damage.
The wyvern bites you! The wyvern attacks as you move away!
The wyvern bites you! The wyvern barely misses you.
You hit the wyvern. The wyvern bites you!
* * * LOW HITPOINT WARNING * * *
A red film seems to cover your vision as you go berserk!
You feel yourself moving faster!
You feel mighty! The wyvern misses you. The wyvern bites you.
* * * LOW HITPOINT WARNING * * *
You slash the wyvern! The wyvern closely misses you.
You closely miss the wyvern. The wyvern closely misses you.
The wyvern hisses menacingly.
The wyvern bites you.
* * * LOW HITPOINT WARNING * * *
You barely miss the wyvern. The wyvern barely misses you.
You hit the wyvern but do no damage. The wyvern bites you.
* * * LOW HITPOINT WARNING * * *
You barely miss the wyvern. The wyvern closely misses you.
You completely miss the wyvern. The wyvern bites you!
* * * LOW HITPOINT WARNING * * *
Your body deteriorates!
You feel dopey.
The wyvern bites you but does no damage.
You closely miss the wyvern. The wyvern bites you!
You die...
Xom guffaws!

.# .# .# .#
# .#.###.
####..[....
#.J..#
##l#.#
#@#.# #.#.#
#.#.# #.#..
#.### #<#
###


You could see a wyvern and an endoplasm.

Vanquished Creatures
  Grinder (D:3)
  An ogre (D:3)
  Terence (D:2)
  An adder (D:3)
  A worm (D:2)
  3 dart slugs
  An orc (D:3)
  7 endoplasms
  A giant cockroach (D:2)
  6 goblins
  5 hobgoblins
  3 jackals (D:1)
  5 quokkas
  8 ball pythons
  8 bats
  3 frilled lizards
  12 kobolds
  4 rats (D:2)
71 creatures vanquished.

Vanquished Creatures (others)
  A worm (D:2)
  A bush (D:2)
  17 plants (D:2)
19 creatures vanquished.

Grand Total: 90 creatures vanquished

Notes
Turn   | Place    | Note
-------+----------+-------------------------------------------
     0 | D:1      | bladeefan the Demonspawn Chaos Knight began the quest for
                  | the Orb.
     0 | D:1      | Reached XP level 1. HP: 18/18 MP: 1/1
    38 | D:1      | Reached skill level 1 in Dodging
   194 | D:1      | Found a faded altar of an unknown god.
   320 | D:1      | XOM: silly message
   519 | D:1      | Gained mutation: You have sharp fingernails. [demonic
                  | ancestry]
   519 | D:1      | Reached XP level 2. HP: 23/24 MP: 2/2
   635 | D:1      | XOM: silly message
   791 | D:1      | XOM: noise
   881 | D:1      | XOM: 6-stop teleportation journey
   888 | D:1      | XOM: cloud trail
   973 | D:1      | XOM: god gift: book of the Wilderness
  1124 | D:1      | Reached XP level 3. HP: 26/29 MP: 3/3
  1210 | D:1      | XOM: give mutations
  1210 | D:1      | Gained mutation: You have hidden genetic defects. [Xom's
                  | mischief]
  1210 | D:1      | Gained mutation: You are clumsy. (Dex -2) [Xom's mischief]
  1210 | D:1      | Gained mutation: You are dopey. (Int -2) [Xom's mischief]
  1335 | D:1      | XOM is BORED!
  1335 | D:1      | XOM: give mutation
  1335 | D:1      | Gained mutation: Your body sometimes deteriorates upon
                  | taking damage. [Xom's mischief]
  1463 | D:2      | Noticed Terence
  1781 | D:1      | XOM: noise
  1801 | D:2      | Killed Terence
  1803 | D:2      | Gained mutation: You tend to lose your temper in combat.
                  | [hidden defects]
  1862 | D:2      | XOM: 5-stop teleportation journey
  2008 | D:2      | XOM: destruction
  2023 | D:2      | Reached XP level 4. HP: 37/37 MP: 4/4
  2066 | D:2      | Gained mutation: You often lose your temper in combat.
                  | [hidden defects]
  2066 | D:2      | Lost mutation: You have hidden genetic defects. [hidden
                  | defects expressed]
  2119 | D:2      | XOM: give mutations
  2119 | D:2      | Gained mutation: Your spells are a little harder to cast,
                  | but a little more powerful. [Xom's grace]
  2119 | D:2      | Gained mutation: Your muscles are strong. (Str +2) [Xom's
                  | grace]
  2119 | D:2      | Lost mutation: You are dopey. (Int -2) [Xom's grace]
  2119 | D:2      | Gained mutation: Your flesh is cold resistant. (rC+) [Xom's
                  | grace]
  2124 | D:2      | Found an ornate altar of the Wu Jian Council.
  2166 | D:2      | Reached skill level 4 in Fighting
  2600 | D:2      | XOM: cloud trail
  2728 | D:3      | XOM: snakes to sticks
  2801 | D:3      | Noticed an ogre
  2813 | D:3      | Killed an ogre
  2814 | D:3      | Gained mutation: You may rarely emit foul miasma when
                  | damaged in melee. [demonic ancestry]
  2814 | D:3      | Reached XP level 5. HP: 29/43 MP: 5/5
  3028 | D:3      | Noticed Grinder
  3028 | D:3      | XOM: 6-stop teleportation journey
  3031 | D:3      | XOM: scenery: summon butterflies
  3035 | D:3      | XOM: silly message
  3040 | D:3      | XOM: potion effect (invisibility)
  3046 | D:3      | Killed Grinder
  3047 | D:3      | Reached skill level 5 in Fighting
  3047 | D:3      | Gained mutation: You are partially covered in razor-sharp
                  | scales. (AC +1, Slay +1) [demonic ancestry]
  3047 | D:3      | Reached XP level 6. HP: 24/51 MP: 6/6
  3330 | D:3      | XOM: give mutation
  3330 | D:3      | Lost mutation: Your spells are a little harder to cast, but
                  | a little more powerful. [Xom's mischief]
  3727 | D:3      | XOM: scenery: 1 doors open
  3751 | D:4      | Noticed a wyvern
  3763 | D:4      | Slain by a wyvern

Illustrated notes

Levels and vault maps discovered:
D:1:      lightli_arrival_noodles, layout_loops_corners,
          hellmonk_ecumenical_altar_lost_god
D:2:      minmay_kobold_bridge, layout_rooms, basic_altar, serial_forest,
          infiniplex_forest_end_2, infiniplex_forest_end_2,
          infiniplex_forest_clump_double, infiniplex_forest_lined_room_,
          infiniplex_forest_clump_diagonal, infiniplex_forest_clump_cross,
          infiniplex_forest_side_room, infiniplex_forest_clump_curved,
          uniq_terence
D:3:      minmay_diamond_boxcup, layout_basic, uniq_grinder
D:4:      layout_basic, uniq_blork_the_orc, uniq_duvessa

Skill      XL: |  1  2  3  4  5 |
---------------+----------------+-----
Dodging        | 1 2 |  2.7
Armour         | 2 3 |  3.1
Axes           | 3 |  3.8
Fighting       | 4 5 |  5.2

Action                   |  1- 3 |  4- 6 || total
-------------------------+-------+-------++-------
Melee: Hand axe          |    95 |    65 ||   160
       Punch             |     2 |       ||     2
       War axe           |       |    60 ||    60
  Use: Scroll            |     6 |     4 ||    10
       Potion            |     1 |     3 ||     4
 Stab: Invisible         |       |     1 ||     1
Armor: Leather armour    |    11 |       ||    11
       Scale mail        |    26 |    45 ||    71
Dodge: Dodged            |    78 |    62 ||   140

Table legend: (Time is in decaauts)
 A = Elapsed time spent in this place.
 B = Non-inter-level travel time spent in this place.
 C = Inter-level travel time spent in this place.
 D = Time resting spent in this place.
 E = Time spent auto-exploring this place.
 F = Levels seen in this place.
 G = Mean time per level.
                   A        B        C        D        E       F      G
               +--------+--------+--------+--------+--------+-----+--------+
         Total |   3833 |   3793 |     40 |    657 |   2495 |   4 |  958.2 |
       Dungeon |   3833 |   3793 |     40 |    657 |   2495 |   4 |  958.2 |
               +--------+--------+--------+--------+--------+-----+--------+

Top non-repeatable levels by time:
     D:1: 1777 daAuts
     D:3: 1118 daAuts
     D:2: 917 daAuts
     D:4: 19 daAuts
